[Event "HUN-ch Rapid 2019"]
[Site "Ajka"]
[Date "2019.07.21"]
[Round "10.7"]
[White "Emodi, Barnabas"]
[Black "Vertetics, Attila"]
[Result "1/2-1/2"]
[ECO "A46"]
[WhiteElo "2365"]
[BlackElo "2438"]
[Annotator "NA"]
[PlyCount "49"]
[EventDate "2019.07.18"]
[EventType "swiss"]
[EventCountry "HUN"]
[SourceTitle "playchess.com"]
[Source "ChessBase"]
[SourceQuality "1"]
[TimeControl "1200+5"]

1. d4 Nf6 2. Nf3 e6 3. e3 c5 4. c4 cxd4 5. exd4 d5 6. Nc3 Bb4 7. cxd5 Nxd5 8. Bd2 Nc6 9. Bd3 Nf6 10. a3 Be7 11. Be3 O-O 12. O-O b6 13. Qe2 Bb7 14. Rad1 Rc8 15. Ne5 Na5 16. Ba6 Nd5 17. Nxd5 Qxd5 18. Bxb7 Qxb7 19. b4 Nc6 20. Qf3 Qc7 21. Nxc6 Qxc6 22. d5 exd5 23. Qxd5 Qxd5 24. Rxd5 Rfd8 25. Rfd1 1/2-1/2

[Event "HUN-ch Rapid 2019"]
[Site "Ajka"]
[Date "2019.07.21"]
[Round "10.8"]
[White "Bohus, Adam"]
[Black "Aczel, Gergely"]
[Result "0-1"]
[ECO "E11"]
[WhiteElo "2219"]
[BlackElo "2540"]
[Annotator "ChessBase"]
[PlyCount "100"]
[EventDate "2019.07.18"]
[EventType "swiss"]
[EventCountry "HUN"]
[SourceTitle "playchess.com"]
[Source "ChessBase"]
[SourceQuality "1"]
[TimeControl "1200+5"]

1. d4 Nf6 2. c4 e6 3. Nf3 Bb4+ 4. Nbd2 d6 5. a3 Bxd2+ 6. Qxd2 Nbd7 7. e3 O-O 8. b4 a5 9. Bb2 axb4 10. axb4 Rxa1+ 11. Bxa1 b5 12. c5 Bb7 13. Bxb5 Qa8 14. Ke2 Rb8 15. Bd3 Ba6 16. Rb1 Ne4 17. Qc2 Bxd3+ 18. Qxd3 Qa2+ 19. Bb2 d5 20. Nd2 Rxb4 21. Nxe4 dxe4 22. Qc2 h6 23. Kd1 Nf6 24. Kc1 Nd5 25. Ra1 Qc4 26. Qxc4 Rxc4+ 27. Kd2 f5 28. Ra8+ Kf7 29. Rd8 g5 30. Rd7+ Kf6 31. Rh7 Kg6 32. Rh8 f4 33. Re8 Kf7 34. Rh8 Rb4 35. Kc2 fxe3 36. fxe3 Nxe3+ 37. Kc3 Nd5+ 38. Kc2 e3 39. Bc1 Rc4+ 40. Kd1 e2+ 41. Kxe2 Rxc1 42. Rxh6 Rc2+ 43. Kf3 Rd2 44. h4 Rd3+ 45. Kf2 g4 46. Rh7+ Kg6 47. Rh8 g3+ 48. Ke2 Nf4+ 49. Ke1 Nxg2+ 50. Kf1 Nf4 0-1

[Event "HUN-ch Rapid 2019"]
[Site "Ajka"]
[Date "2019.07.21"]
[Round "10.9"]
[White "Medvegy, Zoltan"]
[Black "Videki, Sandor"]
[Result "1-0"]
[ECO "B67"]
[WhiteElo "2539"]
[BlackElo "2401"]
[Annotator "ChessBase"]
[PlyCount "97"]
[EventDate "2019.07.18"]
[EventType "swiss"]
[EventCountry "HUN"]
[SourceTitle "playchess.com"]
[Source "ChessBase"]
[SourceQuality "1"]
[TimeControl "1200+5"]

1. e4 c5 2. Nf3 Nc6 3. d4 cxd4 4. Nxd4 Nf6 5. Nc3 d6 6. Bg5 e6 7. Qd2 a6 8. O-O-O Bd7 9. f4 b5 10. Bxf6 gxf6 11. Kb1 Qb6 12. Nxc6 Bxc6 13. Bd3 b4 14. Ne2 h5 15. Qe1 h4 16. f5 e5 17. Bc4 Rc8 18. Nc1 a5 19. Bd5 Ba4 20. Bb3 Bb5 21. Nd3 Ke7 22. Rf1 h3 23. g4 Bh6 24. Rf3 Bg5 25. Qf1 Bc6 26. Rxh3 Bxe4 27. Nf2 Bc6 28. Rxh8 Rxh8 29. Qd3 d5 30. Ne4 Bf4 31. Bxd5 Rd8 32. c4 bxc3 33. Nxc3 Kf8 34. Qc4 Rb8 35. b3 Be8 36. Ne4 Be3 37. h4 a4 38. g5 axb3 39. axb3 Qa5 40. Nxf6 Bd4 41. Nxe8 Rxe8 42. Kc2 Rb8 43. Kd3 Qa3 44. f6 Qb2 45. Qc2 Qa3 46. Rc1 Qa6+ 47. Qc4 Rxb3+ 48. Ke4 Qxc4 49. Rxc4 1-0

[Event "HUN-ch Rapid 2019"]
[Site "Ajka"]
[Date "2019.07.21"]
[Round "10.10"]
[White "Horvath, Tamas"]
[Black "Banusz, Tamas"]
[Result "0-1"]
[ECO "B01"]
[WhiteElo "2306"]
[BlackElo "2626"]
[Annotator "ChessBase"]
[PlyCount "148"]
[EventDate "2019.07.18"]
[EventType "swiss"]
[EventCountry "HUN"]
[SourceTitle "playchess.com"]
[Source "ChessBase"]
[SourceQuality "1"]
[TimeControl "1200+5"]

1. e4 d5 2. exd5 Qxd5 3. d4 e5 4. c3 exd4 5. cxd4 Nf6 6. Nf3 Be7 7. Nc3 Qd8 8. h3 O-O 9. Bc4 Nbd7 10. O-O Nb6 11. Bb3 c6 12. Re1 Nbd5 13. Ne5 Be6 14. Qf3 Nc7 15. Bxe6 Nxe6 16. Be3 Qa5 17. Rad1 Rad8 18. Nd3 Rfe8 19. Nf4 Ng5 20. Qe2 Bd6 21. Qc2 Nge4 22. Qb3 Qf5 23. Nd3 b5 24. Ne5 Bxe5 25. dxe5 Rxd1 26. Rxd1 Qxe5 27. Bxa7 Nxc3 28. bxc3 Qe4 29. f3 Qf4 30. Bf2 Nd5 31. Qc2 Qc4 32. Rc1 g6 33. Qb3 Qf4 34. Rd1 Re2 35. Re1 Rxe1+ 36. Bxe1 Qe3+ 37. Bf2 Qc1+ 38. Kh2 Qxc3 39. Qd1 Qc4 40. a3 f6 41. Qe1 Kf7 42. Qa5 g5 43. Qd8 Qf4+ 44. Bg3 Qf5 45. Qa8 Qe6 46. Qh8 Kg6 47. Qb8 h5 48. h4 gxh4 49. Bxh4 Qe5+ 50. Qxe5 fxe5 51. Kg3 Kf5 52. Kf2 e4 53. fxe4+ Kxe4 54. Bg5 c5 55. Kg3 Ne3 56. Kf2 Nf5 57. Ke2 c4 58. Kd2 Nd4 59. Kc3 Nc6 60. Bf6 Kd5 61. g3 Kc5 62. Bg7 Kd5 63. Bf8 Ke4 64. a4 bxa4 65. Kxc4 Kf3 66. Bd6 Kg4 67. Kb5 Nd4+ 68. Kxa4 Nf5 69. Be5 Nxg3 70. Bf6 Ne4 71. Be5 h4 72. Kb4 Ng3 73. Bd4 h3 74. Bg1 Kf3 0-1

[Event "HUN-ch Rapid 2019"]
[Site "Ajka"]
[Date "2019.07.21"]
[Round "10.11"]
[White "Akots, Gabor"]
[Black "Mihok, Oliver"]
[Result "0-1"]
[ECO "E82"]
[WhiteElo "2238"]
[BlackElo "2550"]
[Annotator "ChessBase"]
[PlyCount "58"]
[EventDate "2019.07.18"]
[EventType "swiss"]
[EventCountry "HUN"]
[SourceTitle "playchess.com"]
[Source "ChessBase"]
[SourceQuality "1"]
[TimeControl "1200+5"]

1. d4 Nf6 2. c4 g6 3. Nc3 Bg7 4. e4 d6 5. f3 O-O 6. Be3 b6 7. Nge2 c5 8. d5 e6 9. Ng3 exd5 10. cxd5 Ba6 11. Bxa6 Nxa6 12. O-O Nc7 13. a4 a6 14. Qd2 Re8 15. Bh6 Bh8 16. Rae1 b5 17. h3 bxa4 18. f4 Nb5 19. Bg5 Qd7 20. f5 Rf8 21. e5 dxe5 22. Bxf6 Bxf6 23. Nge4 Qd8 24. Nxf6+ Qxf6 25. Ne4 Qh4 26. f6 Rad8 27. g3 Qh5 28. Nf2 Nd4 29. g4 Nf3+ 0-1

[Event "HUN-ch Rapid 2019"]
[Site "Ajka"]
[Date "2019.07.21"]
[Round "10.12"]
[White "Hoang, Thanh Trang"]
[Black "Gelle, Istvan"]
[Result "0-1"]
[ECO "D12"]
[WhiteElo "2414"]
[BlackElo "2325"]
[Annotator "NA"]
[PlyCount "82"]
[EventDate "2019.07.18"]
[EventType "swiss"]
[EventCountry "HUN"]
[SourceTitle "playchess.com"]
[Source "ChessBase"]
[SourceQuality "1"]
[TimeControl "1200+5"]

1. d4 d5 2. c4 c6 3. Nf3 Nf6 4. e3 Bf5 5. Nc3 a6 6. Qb3 b5 7. c5 a5 8. Ne5 a4 9. Qd1 h6 10. Bd2 e6 11. g4 Be4 12. f3 Bh7 13. h4 Nfd7 14. f4 Nxe5 15. fxe5 Be7 16. h5 Bh4+ 17. Ke2 O-O 18. Be1 Bg5 19. Bg2 Nd7 20. Bg3 f6 21. exf6 Nxf6 22. Kd2 Ne4+ 23. Bxe4 dxe4 24. Ke2 Rf3 25. Bf2 Qa5 26. Qg1 Raf8 27. Nd1 b4 28. Rc1 Qb5+ 29. Ke1 Qd3 30. Rh2 e5 31. Qf1 exd4 32. Qxd3 exd3 33. Rc4 dxe3 34. Bxe3 Bxe3 35. Nxe3 Rxe3+ 36. Kd2 Rfe8 37. Rxb4 Re2+ 38. Rxe2 dxe2 39. Ke1 Bd3 40. Rd4 Bb5 41. b3 Rf8 0-1

[Event "HUN-ch Rapid 2019"]
[Site "Ajka"]
[Date "2019.07.21"]
[Round "10.13"]
[White "Jakab, Attila"]
[Black "Varga, Klara"]
[Result "1/2-1/2"]
[ECO "E57"]
[WhiteElo "2377"]
[BlackElo "2146"]
[Annotator "NA"]
[PlyCount "59"]
[EventDate "2019.07.18"]
[EventType "swiss"]
[EventCountry "HUN"]
[SourceTitle "playchess.com"]
[Source "ChessBase"]
[SourceQuality "1"]
[TimeControl "1200+5"]

1. d4 Nf6 2. c4 e6 3. Nc3 Bb4 4. e3 O-O 5. Bd3 c5 6. Nf3 d5 7. O-O dxc4 8. Bxc4 Nc6 9. a3 cxd4 10. exd4 Be7 11. Re1 a6 12. Bg5 h6 13. Bh4 b5 14. Ba2 Bb7 15. Qd3 b4 16. Na4 bxa3 17. bxa3 Nb8 18. Ne5 Nbd7 19. Nxd7 Qxd7 20. Bxf6 Bxf6 21. Nc5 Qc6 22. Nxb7 Qxb7 23. Rad1 Rad8 24. d5 exd5 25. Bxd5 Qb5 26. Qxb5 axb5 27. Bc6 Bb2 28. Bxb5 Bxa3 29. Rxd8 Rxd8 30. Re8+ 1/2-1/2

[Event "HUN-ch Rapid 2019"]
[Site "Ajka"]
[Date "2019.07.21"]
[Round "10.14"]
[White "Finszter, Mate"]
[Black "Dankhazi, Andras"]
[Result "1/2-1/2"]
[ECO "A09"]
[WhiteElo "2276"]
[BlackElo "2277"]
[Annotator "NA"]
[PlyCount "319"]
[EventDate "2019.07.18"]
[EventType "swiss"]
[EventCountry "HUN"]
[SourceTitle "playchess.com"]
[Source "ChessBase"]
[SourceQuality "1"]
[TimeControl "1200+5"]

1. Nf3 d5 2. c4 d4 3. g3 Nc6 4. Bg2 e5 5. d3 Nf6 6. O-O a5 7. e3 dxe3 8. Bxe3 Be7 9. d4 exd4 10. Nxd4 Nxd4 11. Qxd4 Qxd4 12. Bxd4 c6 13. Nc3 Be6 14. b3 O-O 15. Rad1 Nd7 16. Rd2 Bb4 17. Rdd1 Rfd8 18. Na4 Rac8 19. Nb6 Nxb6 20. Bxb6 Rxd1 21. Rxd1 Kf8 22. Kf1 Ra8 23. Rd8+ Rxd8 24. Bxd8 Ke8 25. Bb6 a4 26. Be4 axb3 27. axb3 g6 28. Ke2 Kd7 29. Bd4 Kd6 30. Bc2 b5 31. cxb5 cxb5 32. Be3 Bc5 33. Bc1 h5 34. Bg5 Bd5 35. Bf6 Ke6 36. Bc3 g5 37. f3 g4 38. fxg4 hxg4 39. Be1 Bg1 40. Bf2 Bxh2 41. b4 Bc4+ 42. Ke3 f5 43. Kf4 Be2 44. Bxf5+ Kd5 45. Bxg4 Bd3 46. Bh5 Kc4 47. Bc5 Kc3 48. Bf7 Be2 49. Ke3 Bd1 50. Kf2 Bc2 51. Kg2 Bxg3 52. Kxg3 Bd3 53. Kf4 Kb2 54. Ke5 Ka3 55. Kd6 Ka4 56. Kc7 Ka3 57. Kb6 Ka4 58. Be8 Be2 59. Bd6 Bc4 60. Kc5 Bd3 61. Be5 Bc4 62. Bd6 Bd3 63. Kd4 Bc4 64. Bg6 Be2 65. Bd3 Bg4 66. Kc5 Bd7 67. Bc2+ Ka3 68. Bd1 Be8 69. Be7 Bd7 70. Bf8 Be8 71. Bd6 Bd7 72. Kb6 Be8 73. Ka5 Kb2 74. Be5+ Kc1 75. Be2 Kd2 76. Bxb5 Bf7 77. Bc6 Bc4 78. b5 Bxb5 79. Bxb5 Ke3 80. Bd6 Kd4 81. Kb6 Kd5 82. Bc5 Ke5 83. Kc6 Ke4 84. Bc4 Ke5 85. Bd5 Kf4 86. Kd6 Kf5 87. Bd4 Kf4 88. Kc5 Kf5 89. Bb3 Ke4 90. Bc2+ Kf4 91. Kd5 Kf3 92. Be4+ Kf4 93. Be5+ Ke3 94. Bf5 Kf3 95. Kd4 Ke2 96. Be4 Kd2 97. Bf4+ Ke2 98. Bd5 Kf2 99. Kd3 Ke1 100. Be3 Kd1 101. Bf3+ Ke1 102. Bd4 Kf1 103. Ke3 Ke1 104. Bc3+ Kf1 105. Bb4 Kg1 106. Bd6 Kf1 107. Bg3 Kg1 108. Bf4 Kf1 109. Be2+ Kg2 110. Bf3+ Kf1 111. Bh2 Ke1 112. Bg3+ Kf1 113. Be5 Ke1 114. Bc3+ Kf1 115. Bb4 Kg1 116. Ba5 Kf1 117. Bb4 Kg1 118. Ba5 Kf1 119. Bd8 Ke1 120. Bh4+ Kf1 121. Bg3 Kg1 122. Kd2 Kf1 123. Bh4 Kg1 124. Bc6 Kf1 125. Be7 Kf2 126. Bc5+ Kg3 127. Ke3 Kg4 128. Bd7+ Kg5 129. Bd6 Kf6 130. Ke4 Kg5 131. Be5 Kg6 132. Be6 Kg5 133. Bf5 Kh5 134. Kf4 Kh4 135. Bf6+ Kh5 136. Bd8 Kh6 137. Kg4 Kg7 138. Kg5 Kf7 139. Bd7 Kg7 140. Be7 Kf7 141. Bd6 Kg7 142. Be6 Kh7 143. Bd5 Kg7 144. Bc4 Kh7 145. Bb3 Kg7 146. Ba2 Kh7 147. Bc5 Kg7 148. Bb4 Kh7 149. Ba3 Kg7 150. Bb3 Kh7 151. Bc4 Kg7 152. Bd5 Kh7 153. Kf5 Kg7 154. Bb4 Kh7 155. Kf6 Kh6 156. Bf3 Kh7 157. Be4+ Kh6 158. Bf3 Kh7 159. Bd2 Kg8 160. Bh5 1/2-1/2

[Event "HUN-ch Rapid 2019"]
[Site "Ajka"]
[Date "2019.07.21"]
[Round "10.15"]
[White "Balint, Vilmos"]
[Black "Varga, Peter"]
[Result "1-0"]
[ECO "A06"]
[WhiteElo "2203"]
[BlackElo "2367"]
[Annotator "NA"]
[PlyCount "123"]
[EventDate "2019.07.18"]
[EventType "swiss"]
[EventCountry "HUN"]
[SourceTitle "playchess.com"]
[Source "ChessBase"]
[SourceQuality "1"]
[TimeControl "1200+5"]

1. Nf3 d5 2. g3 c6 3. Bg2 Bg4 4. O-O Nd7 5. d4 e6 6. c4 Ngf6 7. Nc3 dxc4 8. a4 a5 9. e4 Bb4 10. Qc2 Bxf3 11. Bxf3 e5 12. Na2 exd4 13. Nxb4 axb4 14. e5 Nd5 15. Qxc4 Nxe5 16. Re1 Qe7 17. Bxd5 cxd5 18. Qb5+ Kf8 19. Bd2 Nf3+ 20. Kh1 Qd8 21. Bxb4+ Kg8 22. Ba5 Qf8 23. Bb4 Qd8 24. Re7 h5 25. Rd7 Qg5 26. Qxb7 Re8 27. Rxf7 Ne5 28. Rf4 Ng4 29. h4 Qg6 30. Qxd5+ Kh7 31. Qxd4 Qc6+ 32. Kg1 Ne5 33. Bc3 Re7 34. Qe4+ Qxe4 35. Rxe4 Nf3+ 36. Kg2 Rxe4 37. Kxf3 Rc4 38. a5 Ra8 39. Rd1 Rc7 40. Rd5 g6 41. Ke4 Re8+ 42. Re5 Rf8 43. f4 Ra8 44. Bd4 Rc4 45. Re7+ Kg8 46. Kd3 Rb4 47. Bc3 Rd8+ 48. Kc2 Rc4 49. Rg7+ Kf8 50. Rxg6 Rd5 51. Rg5 Rcc5 52. b4 Rb5 53. Kb3 Ke7 54. Kc4 Rxg5 55. fxg5 Rf5 56. a6 Kd6 57. g6 Rf3 58. a7 Rf8 59. g7 Rc8+ 60. Kb5 Kc7 61. Ka6 Kd7 62. Be5 1-0

[Event "HUN-ch Rapid 2019"]
[Site "Ajka"]
[Date "2019.07.21"]
[Round "10.16"]
[White "Seres, Bela"]
[Black "Csonka, Balazs"]
[Result "1/2-1/2"]
[ECO "B40"]
[WhiteElo "2161"]
[BlackElo "2472"]
[Annotator "ChessBase"]
[PlyCount "94"]
[EventDate "2019.07.18"]
[EventType "swiss"]
[EventCountry "HUN"]
[SourceTitle "playchess.com"]
[Source "ChessBase"]
[SourceQuality "1"]
[TimeControl "1200+5"]

1. e4 c5 2. Nf3 e6 3. b3 b6 4. Bb2 Bb7 5. Nc3 Nc6 6. d4 cxd4 7. Nxd4 Nf6 8. Nxc6 Bxc6 9. Bd3 Bb4 10. O-O O-O 11. Qe2 Rc8 12. Nd1 d5 13. e5 Nd7 14. a3 Be7 15. b4 a5 16. Qh5 g6 17. Qg4 Qc7 18. Re1 Rfe8 19. h4 Bf8 20. h5 Ra8 21. Re3 Bg7 22. f4 axb4 23. axb4 Rxa1 24. Bxa1 Ra8 25. Bd4 Ra4 26. c3 Ra2 27. Nf2 Ba4 28. hxg6 hxg6 29. Bxg6 fxg6 30. Qxe6+ Kf8 31. Qxg6 Bc2 32. Nd3 Bxd3 33. Rxd3 Qd8 34. Rh3 Qe7 35. Rh7 Kg8 36. Rh3 Nf8 37. Qxb6 Ne6 38. Qb8+ Qf8 39. Qxf8+ Bxf8 40. f5 Nxd4 41. cxd4 Bxb4 42. f6 Rd2 43. e6 Rxd4 44. f7+ Kg7 45. Rg3+ Kf6 46. Rg8 Rd1+ 47. Kf2 Kxe6 1/2-1/2

[Event "HUN-ch Rapid 2019"]
[Site "Ajka"]
[Date "2019.07.21"]
[Round "10.17"]
[White "Forgacs, Attila Jr."]
[Black "Egresi, Mate"]
[Result "0-1"]
[ECO "B90"]
[WhiteElo "2094"]
[BlackElo "2341"]
[Annotator "NA"]
[PlyCount "112"]
[EventDate "2019.07.18"]
[EventType "swiss"]
[EventCountry "HUN"]
[SourceTitle "playchess.com"]
[Source "ChessBase"]
[SourceQuality "1"]
[TimeControl "1200+5"]

1. e4 c5 2. Nf3 d6 3. d4 cxd4 4. Nxd4 Nf6 5. Nc3 a6 6. f3 e5 7. Nb3 Be6 8. Be3 Be7 9. Qd2 O-O 10. O-O-O Nbd7 11. g4 b5 12. Rg1 Nb6 13. g5 Nh5 14. Na5 Qc7 15. Kb1 d5 16. exd5 Rfd8 17. Nc6 Nxd5 18. Nxd8 Rxd8 19. Nxd5 Bxd5 20. Qe2 Nf4 21. Bxf4 exf4 22. Bh3 Bc5 23. Rge1 Be3 24. Bf5 g6 25. Be4 Bxe4 26. fxe4 Re8 27. Qd3 Qe5 28. h4 Qxe4 29. Qxe4 Rxe4 30. Rd3 h6 31. gxh6 Kh7 32. Rd7 Kxh6 33. Rxf7 Kh5 34. Rf6 Rd4 35. Rxa6 Bf2 36. Rh1 Bxh4 37. c3 Rd5 38. Kc2 g5 39. Ra8 Kg4 40. b3 f3 41. Rf8 f2 42. Rxh4+ gxh4 43. Rxf2 h3 44. c4 bxc4 45. bxc4 Rf5 46. Rh2 Kg3 47. Rh1 Kg2 48. Rxh3 Kxh3 49. Kd3 Kg4 50. Kd4 Ra5 51. c5 Kf5 52. Kd5 Rxa2 53. c6 Rd2+ 54. Kc5 Ke6 55. Kb6 Rc2 56. Kb7 Kd6 0-1

[Event "HUN-ch Rapid 2019"]
[Site "Ajka"]
[Date "2019.07.21"]
[Round "10.18"]
[White "Csati, Oliver"]
[Black "Deak, Sandor"]
[Result "0-1"]
[ECO "A15"]
[WhiteElo "2233"]
[BlackElo "2279"]
[Annotator "NA"]
[PlyCount "74"]
[EventDate "2019.07.18"]
[EventType "swiss"]
[EventCountry "HUN"]
[SourceTitle "playchess.com"]
[Source "ChessBase"]
[SourceQuality "1"]
[TimeControl "1200+5"]

1. c4 Nf6 2. g3 g6 3. Bg2 Bg7 4. Nc3 O-O 5. e4 d6 6. Nge2 c5 7. O-O Nc6 8. h3 Rb8 9. d4 cxd4 10. Nxd4 Nxd4 11. Qxd4 a6 12. Qd3 Be6 13. Bg5 h6 14. Be3 Qc8 15. Nd5 Nxd5 16. exd5 Bxh3 17. Bd4 Bf5 18. Qc3 Bxd4 19. Qxd4 Qc5 20. Qh4 Kg7 21. Rfe1 g5 22. Qh5 e5 23. dxe6 fxe6 24. Qe2 Rf6 25. Rad1 Rbf8 26. Qe3 Qc7 27. Qd4 e5 28. Qd5 R8f7 29. c5 dxc5 30. Rxe5 Rd7 31. Rxf5 Rxd5 32. Rfxd5 Rf7 33. Rd6 c4 34. Be4 Qc5 35. R1d2 Qe5 36. Bg6 Rf6 37. Bh5 Rxd6 0-1

[Event "HUN-ch Rapid 2019"]
[Site "Ajka"]
[Date "2019.07.21"]
[Round "10.19"]
[White "Kovacs, Marton"]
[Black "Farago, Sandor"]
[Result "0-1"]
[ECO "A45"]
[WhiteElo "2147"]
[BlackElo "2210"]
[Annotator "NA"]
[PlyCount "82"]
[EventDate "2019.07.18"]
[EventType "swiss"]
[EventCountry "HUN"]
[SourceTitle "playchess.com"]
[Source "ChessBase"]
[SourceQuality "1"]
[TimeControl "1200+5"]

1. d4 Nf6 2. Bf4 d6 3. Nc3 Nbd7 4. Nf3 c5 5. dxc5 Nxc5 6. e3 a6 7. Be2 g6 8. O-O Bg7 9. h3 O-O 10. Bg3 Nfe4 11. Nxe4 Nxe4 12. c3 Nxg3 13. fxg3 Qb6 14. Qd2 Bh6 15. Nd4 e5 16. Nc2 Be6 17. Kh2 Rad8 18. g4 d5 19. h4 Qc7 20. g5 Bg7 21. Kh1 h6 22. Qe1 hxg5 23. hxg5 Bf5 24. Nb4 d4 25. g4 Be4+ 26. Bf3 Bxf3+ 27. Rxf3 a5 28. Nc2 d3 29. Na3 Qc6 30. e4 d2 31. Qe2 d1=Q+ 32. Rxd1 Rxd1+ 33. Qxd1 Qxe4 34. Qd3 Qxg4 35. Rg3 Qh4+ 36. Kg2 e4 37. Qd2 Re8 38. Qe3 Rd8 39. Nc2 Be5 40. Rh3 Qg4+ 41. Kf2 Rd3 0-1

[Event "HUN-ch Rapid 2019"]
[Site "Ajka"]
[Date "2019.07.21"]
[Round "10.20"]
[White "Nemeth, Zoltan"]
[Black "Bognar, Csaba"]
[Result "1-0"]
[ECO "A41"]
[WhiteElo "2275"]
[BlackElo "2166"]
[Annotator "NA"]
[PlyCount "75"]
[EventDate "2019.07.18"]
[EventType "swiss"]
[EventCountry "HUN"]
[SourceTitle "playchess.com"]
[Source "ChessBase"]
[SourceQuality "1"]
[TimeControl "1200+5"]

1. d4 d6 2. g3 g6 3. Bg2 Bg7 4. b3 f5 5. Bb2 Nf6 6. Nd2 c6 7. a4 O-O 8. Ngf3 h6 9. Nc4 Nbd7 10. O-O g5 11. Ne1 d5 12. Nd2 f4 13. Nd3 fxg3 14. fxg3 Ng4 15. Rxf8+ Qxf8 16. Nf1 e5 17. e3 Qf5 18. h3 Ngf6 19. g4 Qe6 20. Nxe5 Nxe5 21. dxe5 Nd7 22. e4 dxe4 23. Bxe4 Bxe5 24. Bxe5 Qxe5 25. Bf5 Nf8 26. Bxc8 Rxc8 27. Qe1 Re8 28. Qxe5 Rxe5 29. Rd1 Kf7 30. Kf2 Ng6 31. Ne3 Nf4 32. Kf3 Ke6 33. h4 Nd5 34. Nc4 Nc3 35. Rd6+ Ke7 36. Rd3 Rc5 37. Rxc3 b5 38. hxg5 1-0

[Event "HUN-ch Rapid 2019"]
[Site "Ajka"]
[Date "2019.07.21"]
[Round "11.2"]
[White "Papp, Gabor"]
[Black "Hera, Imre Jr."]
[Result "1/2-1/2"]
[ECO "C41"]
[WhiteElo "2587"]
[BlackElo "2610"]
[Annotator "ChessBase"]
[PlyCount "52"]
[EventDate "2019.07.18"]
[EventType "swiss"]
[EventCountry "HUN"]
[SourceTitle "playchess.com"]
[Source "ChessBase"]
[SourceQuality "1"]
[TimeControl "1200+5"]

1. e4 e5 2. Nf3 d6 3. d4 exd4 4. Nxd4 Nf6 5. Nc3 Be7 6. Be3 O-O 7. f3 c6 8. Qd2 b5 9. g4 b4 10. Nce2 c5 11. Nf5 Bxf5 12. gxf5 Nc6 13. O-O-O Ne5 14. Nf4 Qa5 15. Kb1 Kh8 16. Nd5 Nxf3 17. Qg2 Nxd5 18. Rxd5 Ne5 19. Rg1 Rg8 20. Bxc5 dxc5 21. Rxe5 Bf6 22. Rd5 Bd4 23. Rh1 b3 24. axb3 Qe1+ 25. Ka2 Qa5+ 26. Kb1 Qe1+ 1/2-1/2

[Event "HUN-ch Rapid 2019"]
[Site "Ajka"]
[Date "2019.07.21"]
[Round "11.3"]
[White "Gledura, Benjamin"]
[Black "Horvath, Peter"]
[Result "1-0"]
[ECO "A06"]
[WhiteElo "2654"]
[BlackElo "2418"]
[Annotator "ChessBase"]
[PlyCount "83"]
[EventDate "2019.07.18"]
[EventType "swiss"]
[EventCountry "HUN"]
[SourceTitle "playchess.com"]
[Source "ChessBase"]
[SourceQuality "1"]
[TimeControl "1200+5"]

1. Nf3 d5 2. g3 Nf6 3. Bg2 Bg4 4. d4 c6 5. h3 Bxf3 6. Bxf3 Nbd7 7. c4 e6 8. O-O Bd6 9. b3 O-O 10. Bb2 Qe7 11. Qc2 dxc4 12. bxc4 e5 13. e3 e4 14. Bg2 Qe6 15. Nd2 Rfe8 16. Qb3 Rab8 17. c5 Bc7 18. Qxe6 Rxe6 19. Rab1 b6 20. cxb6 axb6 21. Rfc1 Ra8 22. a3 Ra7 23. Rc2 c5 24. dxc5 Nxc5 25. Rc4 h6 26. Bxf6 gxf6 27. Nxe4 Nxe4 28. Bxe4 Kg7 29. a4 Rd6 30. Kg2 Rd2 31. Kf3 Bd8 32. Bc6 Re7 33. Rb5 Re5 34. Rxe5 fxe5 35. Be4 Be7 36. Rc7 Kf6 37. Rb7 Bc5 38. Bc6 Ke6 39. g4 Rc2 40. Bd7+ Kf6 41. Be8 e4+ 42. Kxe4 1-0

[Event "HUN-ch Rapid 2019"]
[Site "Ajka"]
[Date "2019.07.21"]
[Round "11.4"]
[White "Aczel, Gergely"]
[Black "Karacsonyi, Gellert"]
[Result "1-0"]
[ECO "E46"]
[WhiteElo "2540"]
[BlackElo "2315"]
[Annotator "ChessBase"]
[PlyCount "75"]
[EventDate "2019.07.18"]
[EventType "swiss"]
[EventCountry "HUN"]
[SourceTitle "playchess.com"]
[Source "ChessBase"]
[SourceQuality "1"]
[TimeControl "1200+5"]

1. d4 Nf6 2. c4 e6 3. Nc3 Bb4 4. e3 O-O 5. Bd2 c6 6. Nf3 d5 7. Bd3 Nbd7 8. O-O b6 9. Nxd5 Nxd5 10. cxd5 Bxd2 11. dxe6 Bb4 12. exd7 Bxd7 13. Ne5 Bd6 14. Rc1 Bxe5 15. dxe5 c5 16. Qc2 h6 17. Bc4 Qe7 18. f4 Kh8 19. Qe4 Rae8 20. h3 Rc8 21. Rfd1 Bc6 22. Bd5 Bxd5 23. Rxd5 Rfd8 24. Rcd1 Qh4 25. Kh2 Qe7 26. a4 Kg8 27. b3 Kh8 28. Qf5 Kg8 29. Rd7 Qe8 30. R1d6 Rxd7 31. Rxd7 g6 32. Qd3 a5 33. Qd5 c4 34. bxc4 Qf8 35. Rd6 Rc5 36. Qd4 Qe7 37. Rd8+ Kh7 38. e6 1-0

[Event "HUN-ch Rapid 2019"]
[Site "Ajka"]
[Date "2019.07.21"]
[Round "11.5"]
[White "Banusz, Tamas"]
[Black "Emodi, Barnabas"]
[Result "1-0"]
[ECO "A49"]
[WhiteElo "2626"]
[BlackElo "2365"]
[Annotator "ChessBase"]
[PlyCount "98"]
[EventDate "2019.07.18"]
[EventType "swiss"]
[EventCountry "HUN"]
[SourceTitle "playchess.com"]
[Source "ChessBase"]
[SourceQuality "1"]
[TimeControl "1200+5"]

1. d4 Nf6 2. Nf3 g6 3. g3 Bg7 4. Bg2 O-O 5. c4 e6 6. O-O d5 7. b3 a5 8. Nc3 b6 9. Bb2 Bb7 10. Ne5 Nbd7 11. Nd3 Qb8 12. Qc2 dxc4 13. bxc4 Bxg2 14. Kxg2 Qb7+ 15. f3 c5 16. dxc5 bxc5 17. Rab1 Ng4 18. Bc1 Qc6 19. Nb5 Bd4 20. h3 Ne3+ 21. Bxe3 Bxe3 22. Rfd1 Rfd8 23. Qc3 Bh6 24. Ne5 Nxe5 25. Qxe5 Rd7 26. Rd6 Rxd6 27. Qxd6 Qxd6 28. Nxd6 Rd8 29. Ne4 Rd4 30. Rb8+ Kg7 31. Rb7 Be3 32. Ra7 Rxc4 33. Rxf7+ Kg8 34. Rc7 Bd4 35. f4 Rc1 36. Kf3 Rf1+ 37. Kg4 Re1 38. Kg5 Rxe2 39. Nf6+ Kf8 40. Rxh7 c4 41. Kxg6 Bxf6 42. Kxf6 Ke8 43. Rc7 Rxa2 44. Rxc4 Ra3 45. g4 Rxh3 46. Kxe6 Kf8 47. f5 Kg7 48. Rc7+ Kh6 49. Kf6 a4 1-0

[Event "HUN-ch Rapid 2019"]
[Site "Ajka"]
[Date "2019.07.21"]
[Round "11.6"]
[White "Horvath, Adam"]
[Black "Ruck, Robert"]
[Result "1-0"]
[ECO "B03"]
[WhiteElo "2517"]
[BlackElo "2524"]
[Annotator "ChessBase"]
[PlyCount "115"]
[EventDate "2019.07.18"]
[EventType "swiss"]
[EventCountry "HUN"]
[SourceTitle "playchess.com"]
[Source "ChessBase"]
[SourceQuality "1"]
[TimeControl "1200+5"]

1. e4 Nf6 2. e5 Nd5 3. d4 d6 4. c4 Nb6 5. exd6 exd6 6. Nc3 Be7 7. Be3 O-O 8. Bd3 Bf6 9. Nge2 Nc6 10. b3 Bg4 11. Qd2 Re8 12. O-O Bh5 13. Nf4 Bg6 14. Nxg6 hxg6 15. Be4 Qd7 16. h3 Re7 17. Bf3 Rae8 18. Rad1 Qc8 19. Qc1 Rd8 20. Bg4 Qb8 21. Qb1 Ree8 22. g3 Ne7 23. Ne4 Nd7 24. d5 Ne5 25. Be2 Nf5 26. Nxf6+ gxf6 27. Bc1 Re7 28. Bg4 Qc8 29. Bxf5 Qxf5 30. Qxf5 gxf5 31. Kg2 Rde8 32. Rfe1 Nd7 33. Rxe7 Rxe7 34. Be3 b6 35. Kf1 Kg7 36. Rd4 a5 37. Rh4 Re8 38. Ke2 Ne5 39. Rd4 Rh8 40. h4 Re8 41. f3 Kg6 42. Kf2 Kh5 43. Rd1 a4 44. Bd4 Ra8 45. Ra1 Nd3+ 46. Ke2 Ne5 47. f4 Ng4 48. Kd3 Nh2 49. Bxf6 Kg4 50. h5 Kxh5 51. Rh1 Kg6 52. Bd4 Ng4 53. b4 Nf6 54. Re1 b5 55. Re7 bxc4+ 56. Kxc4 Ne4 57. Rxc7 Nxg3 58. b5 1-0

[Event "HUN-ch Rapid 2019"]
[Site "Ajka"]
[Date "2019.07.21"]
[Round "11.7"]
[White "Mihok, Oliver"]
[Black "Medvegy, Zoltan"]
[Result "1/2-1/2"]
[ECO "C10"]
[WhiteElo "2550"]
[BlackElo "2539"]
[Annotator "ChessBase"]
[PlyCount "97"]
[EventDate "2019.07.18"]
[EventType "swiss"]
[EventCountry "HUN"]
[SourceTitle "playchess.com"]
[Source "ChessBase"]
[SourceQuality "1"]
[TimeControl "1200+5"]

1. e4 e6 2. d4 d5 3. Nc3 dxe4 4. Nxe4 Bd7 5. Nf3 Bc6 6. Bd3 Nd7 7. c3 Ngf6 8. Nxf6+ Nxf6 9. Bf4 Bxf3 10. Qxf3 c6 11. O-O Bd6 12. Be5 Bxe5 13. dxe5 Nd7 14. Qg3 Qc7 15. Rfe1 g6 16. Rad1 O-O-O 17. h4 h5 18. Bc2 Nb6 19. b3 Rxd1 20. Rxd1 Rd8 21. Rd6 Kb8 22. c4 Nc8 23. Rxd8 Qxd8 24. Qf4 Qe7 25. g3 Nb6 26. Kg2 Nd7 27. b4 Kc7 28. c5 b6 29. cxb6+ Nxb6 30. a3 Nd5 31. Qd4 Kb7 32. Be4 Qc7 33. Bf3 Qb6 34. Qc4 a5 35. Bxd5 exd5 36. Qf4 Qc7 37. bxa5 Ka6 38. Qf3 Kxa5 39. Qc3+ Ka6 40. Qc5 Qxe5 41. Qxc6+ Ka5 42. a4 Qe4+ 43. Kh2 Qc4 44. Qa8+ Kb4 45. a5 Qc5 46. a6 Qxf2+ 47. Kh3 Qf1+ 48. Kh2 Qf2+ 49. Kh3 1/2-1/2